 Seeded DCSS version 0.31-a0-229-g1fc7ce9 (webtiles) character file.

Game seed: 1306998998841253564 (custom seed)

35 lyrin the Shooter (level 3, -1/29 HPs)
             Began as a Djinni Hunter on July 6, 2023.
             Slain by a gnoll
             ... wielding a +0 whip
              (2 damage)
             ... on level 2 of the Dungeon.
             The game lasted 00:02:11 (1266 turns).

lyrin the Shooter (Djinni Hunter)                   Turns: 1266, Time: 00:02:11

Health: -1/29      AC:  3    Str:  7 (10) XL:     3   Next: 52%
Gold:   50         EV: 11    Int: 11 (12) God:
                   SH:  0    Dex: 14 (16)

rFire   + + .        a - +0 shortbow
rCold   x . .        (shield currently unavailable)
rNeg    . . .        c - +0 leather armour
rPois   ∞            (no helmet)
rElec   .            (no cloak)
rCorr   .            (no gloves)
SInv    .            (boots unavailable)
Will    +....        (no amulet)
Stlth   +            (no ring)
HPRegen 0.24/turn    (no ring)
MPRegen 0.00/turn

%: infuse magic (-2 HP)
@: mighty, enlightened, flying, very slightly contaminated
A: sickness immunity, fire resistance 2, cold vulnerability 1, float, innate
caster, HP casting, extra vitality 1
a: no special abilities


You were on level 2 of the Dungeon.
You visited 1 branch of the dungeon, and saw 3 of its levels.

You collected 50 gold pieces.

Inventory:

Hand Weapons
 a - a +0 shortbow (weapon)
Armour
 c - a +0 leather armour (worn)
Magical Staves
 i - a staff of conjuration
Scrolls
 b - a scroll of butterflies
 d - a scroll of immolation {unknown}
 f - 3 scrolls of identify {unknown}
 g - a scroll of teleportation {unknown}
 j - a scroll of poison {unknown}
 k - a scroll of acquirement {unknown}
Potions
 e - a potion of degeneration


   Skills:
 + Level 2.3 Fighting
 - Level 3.5 Ranged Weapons
 + Level 0.4 Armour
 + Level 2.4 Dodging
 - Level 0.7 Stealth
 * Level 1.0 Spellcasting
 * Level 1.0 Conjurations
 * Level 1.0 Hexes
 * Level 1.0 Summonings
 * Level 1.0 Necromancy
 * Level 1.0 Translocations
 * Level 1.0 Transmutations
 * Level 1.0 Fire Magic
 * Level 1.0 Ice Magic
 * Level 1.0 Air Magic
 * Level 1.0 Earth Magic
 * Level 1.0 Poison Magic


You knew the following spells:

 Your Spells              Type           Power      Damage    Failure   Level
a - Necrotise             Necr           8%         1d4       30%         1
Your spell library was empty.

Dungeon Overview and Level Annotations

Branches:
Dungeon (3/15)

Altars:

Annotations:
D:2 Natasha


Innate Abilities, Weirdness & Mutations

You are immune to sickness and miasma.
You are immune to poison.
Your flesh is very heat resistant. (rF++)
You are vulnerable to cold. (rC-)
You float through the air rather than walking.
You learn spells naturally, not from books.
Your magical power is your life essence.
You have superior vitality. (+4 MHP)


Message History

Unknown command.
Casting: Necrotise (safe; 26% risk of failure)
Confirm with . or Enter, or press ? or * to list all spells.
Aiming: Necrotise (safe; 26% risk of failure)
Press: ? - help, Shift-Dir - straight line, f/p - gnoll
Aim: a gnoll, wielding a +0 whip (heavily wounded, chance to affect: 52%)
Okay, then.
Sorry, you're not good enough to have a special ability.
Casting: Necrotise (safe; 26% risk of failure)
Confirm with . or Enter, or press ? or * to list all spells.
Aiming: Necrotise (safe; 26% risk of failure)
Press: ? - help, Shift-Dir - straight line, f/p - gnoll
Aim: a gnoll, wielding a +0 whip (heavily wounded, chance to affect: 52%)
The gnoll resists with significant effort.
The gnoll closely misses you.
Unknown command.
Unknown command.
Natasha mumbles some strange words.
Natasha glows brightly for a moment.
Casting: Necrotise (safe; 26% risk of failure)
Confirm with . or Enter, or press ? or * to list all spells.
Aiming: Necrotise (safe; 26% risk of failure)
Press: ? - help, Shift-Dir - straight line, f/p - gnoll
Aim: a gnoll, wielding a +0 whip (heavily wounded, chance to affect: 52%)
The gnoll writhes in agony.
The gnoll hits you with a +0 whip!
* * * LOW HITPOINT WARNING * * *
Unknown command.
Unknown command.
It was a potion of degeneration.
There was something very wrong with that liquid.
You feel weakened.
You feel dopey.
You feel clumsy. The gnoll hits you but does no damage.
It was a potion of enlightenment.
You feel more buoyant. The gnoll hits you with a +0 whip.
* * * LOW HITPOINT WARNING * * *
It was a potion of might.
You feel very mighty all of a sudden. The gnoll hits you with a +0 whip.
You die...

########...lg#
.......#.....###+###
.†.....#...........#
.......#...........#
####..###.......g..# ##.#
########l###....
####'######## #h# ...#
#...........# #g#.##..
#...........# #@#.##..
#...........# #.#.##.#
#...........###)#.##.#
#............)#.#.##'#######
#...........#)..#...........
#...........##..#...........
#...........##..#...........
#........(..##....##+#######
### #...........###...##.#
#..


You could see Natasha, a gnoll, a hobgoblin and a frilled lizard.

Vanquished Creatures
  2 worms (D:2)
  A dart slug (D:3)
  4 ball pythons
  3 bats (D:2)
  An endoplasm (D:1)
  2 hobgoblins
  2 jackals (D:1)
  2 quokkas
  2 goblins (D:2)
  3 kobolds (D:2)
  3 rats
25 creatures vanquished.

Vanquished Creatures (collateral kills)
  A goblin (D:2)
1 creature vanquished.

Grand Total: 26 creatures vanquished

Notes
Turn   | Place    | Note
-------+----------+-------------------------------------------
     0 | D:1      | lyrin the Djinni Hunter began the quest for the Orb.
     0 | D:1      | Reached XP level 1. HP: 18/18 MP: 0/0
    61 | D:1      | Found a faded altar of an unknown god.
   440 | D:1      | Reached XP level 2. HP: 23/23 MP: 0/0
   590 | D:2      | Noticed Natasha
   924 | D:2      | Reached XP level 3. HP: 27/28 MP: 0/0
   924 | D:2      | Learned a level 1 spell: Necrotise
   931 | D:2      | Reached skill level 1 in Spellcasting
   931 | D:2      | Reached skill level 1 in Conjurations
   931 | D:2      | Reached skill level 1 in Hexes
   931 | D:2      | Reached skill level 1 in Summonings
   931 | D:2      | Reached skill level 1 in Necromancy
   931 | D:2      | Reached skill level 1 in Translocations
   931 | D:2      | Reached skill level 1 in Transmutations
   931 | D:2      | Reached skill level 1 in Fire Magic
   931 | D:2      | Reached skill level 1 in Ice Magic
   931 | D:2      | Reached skill level 1 in Air Magic
   931 | D:2      | Reached skill level 1 in Earth Magic
   931 | D:2      | Reached skill level 1 in Poison Magic
  1265 | D:2      | HP: 1/29 [gnoll/+0 whip (3)]
  1266 | D:2      | Slain by a gnoll

Illustrated notes

Levels and vault maps discovered:
D:1:      saegor_arrival_simple_c, layout_basic, basic_ecumenical_altar
D:2:      layout_basic, uniq_natasha
D:3:      wad_crossroads, layout_loops_ring, mainiacjoe_overflow_paths

Skill      XL: |  1  2  3 |
---------------+----------+-----
Spellcasting   | 1 |  1.0
Conjurations   | 1 |  1.0
Hexes          | 1 |  1.0
Summonings     | 1 |  1.0
Necromancy     | 1 |  1.0
Translocations | 1 |  1.0
Transmutations | 1 |  1.0
Fire Magic     | 1 |  1.0
Ice Magic      | 1 |  1.0
Air Magic      | 1 |  1.0
Earth Magic    | 1 |  1.0
Poison Magic   | 1 |  1.0
Fighting       | |  2.3
Ranged Weapons | |  3.5
Armour         | |  0.4
Dodging        | |  2.4
Stealth        | |  0.7

Action                     || total
---------------------------++-------
   Fire: Shortbow          ||    60
   Cast: Necrotise         ||     6
    Use: Potion            ||     4
 Armour: Leather armour    ||    16
  Dodge: Dodged            ||    39

Table legend: (Time is in decaauts)
 A = Elapsed time spent in this place.
 B = Non-inter-level travel time spent in this place.
 C = Inter-level travel time spent in this place.
 D = Time resting spent in this place.
 E = Time spent auto-exploring this place.
 F = Levels seen in this place.
 G = Mean time per level.
                   A        B        C        D        E       F      G
               +--------+--------+--------+--------+--------+-----+--------+
         Total |   1265 |   1208 |     57 |    277 |    703 |   3 |  421.7 |
       Dungeon |   1265 |   1208 |     57 |    277 |    703 |   3 |  421.7 |
               +--------+--------+--------+--------+--------+-----+--------+

Top non-repeatable levels by time:
     D:1: 523 daAuts
     D:2: 500 daAuts
     D:3: 242 daAuts
